[Event "1st Rio Chess Open 2022"]
[Site "Rio de Janeiro"]
[Date "2022.04.23"]
[Round "4.1"]
[White "Librelato, Kathie Goulart"]
[Black "Mekhitarian, Krikor Sevag"]
[Result "1-0"]
[ECO "B52"]
[WhiteElo "2156"]
[BlackElo "2569"]
[Annotator "TA"]
[PlyCount "109"]
[EventDate "2022.04.18"]
[EventType "swiss"]
[EventCountry "BRA"]
[SourceTitle "playchess.com"]
[Source "ChessBase"]
[SourceQuality "1"]
[TimeControl "5400+30"]

1. e4 c5 2. Nf3 d6 3. Bb5+ Bd7 4. Bxd7+ Qxd7 5. d4 cxd4 6. Qxd4 {[%emt 0:00:09] B52: Sicilian: Moscow Variation with 3...Bd7.} Nc6 7. Qd3 g6 8. O-O {[%emt 0:00:34] The position is equal.} Bg7 9. c4 Nf6 10. Nc3 O-O 11. h3 Rfc8 12. Be3 Nb4 13. Qe2 Qe6 {[%emt 0:01:14][%csl LRc4,LRe4] [#]} 14. Nd2 $146 ({Predecessor:} 14. a3 Na6 15. Nd2 Nc5 16. Bd4 Bh6 17. f4 Nh5 18. f5 Qd7 19. Nd5 e6 20. Qxh5 gxh5 {1-0 (43) Storme,I (2153)-Thornert,H (2242) Sweden 2016}) 14... Nc2 15. Rac1 Nxe3 16. Qxe3 Nd7 17. b3 Nc5 18. Nd5 Qd7 19. Rfd1 e6 20. Nc3 a6 21. Nf3 Qc7 22. Nd4 Rd8 23. b4 Nd7 24. Na4 Rac8 25. Nb3 Qc6 26. Nc3 Ne5 27. Na5 Qc7 (27... Nxc4 $2 28. Nxc6 Nxe3 29. Ne7+ Kf8 30. Nxc8 Rxc8 31. Nb5 $1 $18 (31. fxe3 Rxc3 32. Rxc3 Bxc3 $16) (31. Rxd6 Bh6 $11)) (27... Qe8 $5 28. Ne2 b5 $11) 28. Na4 {[%emt 0:00:14] Prevents b6.} Nd7 29. Qa7 (29. Nb3 $11) 29... Rb8 30. Rc2 {[%emt 0:04:48] [#]} (30. g3 $15) 30... Bf8 (30... Nc5 $1 $17 31. Qb6 (31. Nxc5 $2 dxc5 32. Rcd2 cxb4 $17) 31... Qxb6 32. Nxb6 Nxe4) 31. a3 {[%emt 0:00:37] [#]} (31. Qe3 $11) 31... Rdc8 (31... Nc5 $1 $17 32. Qb6 Qxb6 33. Nxb6 Nxe4) 32. Qd4 {[%emt 0:02:40] [#]} (32. Qe3 $1 $11) 32... b6 ({Black should try} 32... Nc5 $1 $17 33. Nb2 (33. bxc5 Qxa5) 33... b6 $1 34. bxc5 dxc5) 33. Nb3 $15 b5 34. Nb2 Nb6 {[%emt 0:00:50] aiming for ...Bg7.} 35. Na5 ({Of course not} 35. c5 Rd8 36. Qc3 dxc5 37. Rxd8 Rxd8 38. Nxc5 Nc4 $15) 35... d5 36. c5 Bg7 37. Qd3 dxe4 38. Qxe4 Nd5 {[%emt 0:00:02] ...Bxb2 is the strong threat.} 39. Re1 Re8 40. Nd3 Rbd8 41. c6 Rc8 {[%emt 0:00:31] [#]} (41... Ne7 $11 {keeps the balance.}) 42. Nc5 $1 $16 Qa7 43. Qf3 Re7 44. Rd1 {[%emt 0:00:31] &Bianco is much more active.} Rd8 45. Ncb7 $36 {[%emt 0:01:10][%mdl 2048] White is in control. Pair of Knights!} Rc8 46. Nd6 Rd8 (46... Ra8 $14) 47. Nab7 $18 Rf8 (47... Rxd6 48. Nxd6 Qc7) 48. Rxd5 exd5 {[%emt 0:00:01] [#]} 49. c7 $1 Rxc7 50. Rc3 Qd4 $4 51. Rxc7 {[%emt 0:00:00] White is clearly winning.} Rb8 (51... Qa1+ $142 52. Kh2 Qf6 53. Qxf6 Bxf6) 52. Rxf7 (52. Qxf7+ $142 Kh8 53. Ne8 Qa1+ 54. Kh2 Qe5+ 55. f4 Qxc7 56. Nxc7) 52... Qe5 53. g3 Qe6 54. Qf4 Qe1+ 55. Kg2 {[%emt 0:00:16] Weighted Error Value: White=0.41/Black=0.43} 1-0

[Event "1st Rio Chess Open 2022"]
[Site "Rio de Janeiro"]
[Date "2022.04.23"]
[Round "4.2"]
[White "Almeida, Gianluca Jorio"]
[Black "Rodriguez Vila, Andres"]
[Result "0-1"]
[ECO "A22"]
[WhiteElo "2112"]
[BlackElo "2435"]
[Annotator "TA"]
[PlyCount "80"]
[EventDate "2022.04.18"]
[EventType "swiss"]
[EventCountry "BRA"]
[SourceTitle "playchess.com"]
[Source "ChessBase"]
[SourceQuality "1"]
[TimeControl "5400+30"]

1. c4 e5 2. Nc3 Nf6 3. g3 Bb4 4. Bg2 O-O 5. Nd5 Nxd5 6. cxd5 d6 $1 {[%emt 0:00:19] 6...d6 scores better than 6...c6. A22: English Opening: 1...e5 2 Nc3 Nf6.} 7. a3 Bc5 8. d3 f5 {[%emt 0:00:52] Black is slightly better.} 9. Nf3 {[%emt 0:17:01] [#]} Qf6 $146 ({Predecessor:} 9... c6 10. O-O Qf6 11. dxc6 Nxc6 12. Rb1 f4 13. b4 Bb6 14. Bb2 fxg3 15. hxg3 Qg6 {0-1 (22) Kasperek,K (1493)-Rudol,M (1466) Ustron 2011}) 10. d4 exd4 11. Bg5 Qg6 12. b4 Bb6 {[%emt 0:00:17][%cal Of5f4] And now ...f4! would win.} 13. Qd3 (13. O-O $11) 13... Nd7 $15 14. Bf4 {[%emt 0:04:47] [#] Black converts the advantage convincingly.} Qf6 $1 15. O-O Ne5 16. Qd2 h6 17. h4 Bd7 18. a4 {[%emt 0:05:00] [#] Threatens to win with a5.} a5 $1 19. b5 Rae8 20. Rad1 Ng6 {[%emt 0:00:41] White must now prevent ...Re4.} 21. Rfe1 $2 (21. Nxd4 Nxf4 22. Qxf4) 21... Nxf4 22. gxf4 Re4 23. Qc1 Rfe8 24. Kf1 Qe7 25. Qd2 Bc5 26. Rb1 Bb4 27. Rxb4 axb4 28. Nxd4 Qxh4 29. Ne6 (29. e3 {was the crucial defense.}) 29... Bxe6 30. dxe6 Rxf4 31. e3 Re4 32. Qd5 $2 (32. Bxe4 {might work better.} Qxe4 33. Rc1) 32... R4xe6 $19 33. Qxb7 Qc4+ 34. Kg1 Rg6 {[%emt 0:00:12] aiming for ...d5.} 35. a5 d5 {[%emt 0:00:30] ( -> ...Qe4)} 36. Rd1 {[%emt 0:03:19] [#]} Rxg2+ $1 {[%emt 0:00:09] Black mates.} 37. Kxg2 (37. Kh1 Rxf2) 37... Qg4+ 38. Kh2 Qxd1 39. a6 Qh5+ 40. Kg2 f4 {[%emt 1:13:07] Weighted Error Value: White=0.72/Black=0.13 (very precise)} 0-1

[Event "1st Rio Chess Open 2022"]
[Site "Rio de Janeiro"]
[Date "2022.04.23"]
[Round "4.3"]
[White "Hoffman, Alejandro"]
[Black "Lage, Pedro Ferreira"]
[Result "1-0"]
[ECO "D95"]
[WhiteElo "2389"]
[BlackElo "2100"]
[Annotator "TA"]
[PlyCount "51"]
[EventDate "2022.04.18"]
[EventType "swiss"]
[EventCountry "BRA"]
[SourceTitle "playchess.com"]
[Source "ChessBase"]
[SourceQuality "1"]
[TimeControl "5400+30"]

1. d4 d5 2. c4 c6 3. Nc3 Nf6 4. e3 g6 5. Nf3 Bg7 6. Qb3 O-O 7. Bd2 b6 8. Bd3 {[%emt 0:08:29] D95: Grünfeld: 4 Nf3 Bg7 5 e3 0-0 6 Qb3.} Ba6 9. O-O Nbd7 {[%emt 0:03:06] [#]} 10. Rfd1 $146 {[%emt 0:18:58] The position is equal.} (10. Rfc1 {feels hotter.} Rc8 11. Qa4 Bxc4 12. Bxc4 dxc4 13. Qxc4 Re8 14. Rd1) ({Predecessor:} 10. Rad1 e6 11. Bc1 dxc4 12. Bxc4 Bxc4 13. Qxc4 Rc8 14. e4 Qc7 15. Rfe1 h6 16. h3 {1-0 (30) Bisguier,A (2440)-Ruiz,A Palo Alto 1981}) 10... c5 (10... e6 $11) 11. Nxd5 $16 Nxd5 12. cxd5 Bxd3 13. Qxd3 cxd4 14. Nxd4 Nc5 15. Qc4 {[%emt 0:00:55] &Bianco is more active.} Rc8 16. Nc6 Qd7 17. Bc3 {[%emt 0:05:29] Hoping for Bxg7.} Bxc3 18. Qxc3 ({Much less strong is} 18. bxc3 e6 $16) 18... f6 19. f3 e6 20. e4 f5 (20... exd5 {was called for.} 21. exd5 Kg7) 21. b4 $18 Na4 (21... exd5 {is a better chance.} 22. exd5 (22. bxc5 Qxc6 23. Rxd5 fxe4 $14) 22... Nb7) 22. Qb3 $1 {[%emt 0:01:00][%csl LRa4,LRe6] White is clearly winning.} b5 23. Rac1 exd5 {[%emt 0:01:21] [#]} 24. Rxd5 $1 Qf7 {[%emt 0:01:51] [#]} (24... Qe6 25. Rxb5) 25. Ne7+ $1 Qxe7 26. Rd7+ {[%emt 0:01:05] Weighted Error Value: White=0.07 (flawless) /Black=0.46} 1-0

[Event "1st Rio Chess Open 2022"]
[Site "Rio de Janeiro"]
[Date "2022.04.23"]
[Round "4.4"]
[White "Soares, Joao Carlos T. C."]
[Black "Alboredo, Julia"]
[Result "1/2-1/2"]
[ECO "D92"]
[WhiteElo "2064"]
[BlackElo "2252"]
[Annotator "TA"]
[PlyCount "80"]
[EventDate "2022.04.18"]
[EventType "swiss"]
[EventCountry "BRA"]
[SourceTitle "playchess.com"]
[Source "ChessBase"]
[SourceQuality "1"]
[TimeControl "5400+30"]

1. d4 Nf6 2. c4 g6 3. Nf3 Bg7 4. Nc3 O-O 5. Bf4 d5 6. Rc1 dxc4 7. e4 c6 {[%emt 0:05:01] D92: Grünfeld: 4 Nf3 Bg7 5 Bf4.} (7... Bg4 $11) 8. Bxc4 $14 Bg4 9. e5 (9. Be2 $14) 9... Nd5 10. Bxd5 cxd5 {[%emt 0:00:02] [#]} 11. h3 $146 ({Predecessor:} 11. Qb3 Bxf3 12. gxf3 Nc6 13. Be3 Rb8 14. Qxd5 Qxd5 15. Nxd5 Rfd8 16. Rxc6 bxc6 17. Nxe7+ {½-½ (96) Kapetanovic,A (2465)-Kreiman,B (2445) Toronto 1998}) 11... Bxf3 12. Qxf3 Nc6 13. Qd3 e6 14. Be3 f6 15. exf6 Qxf6 16. Ne2 Rad8 17. f4 {[%emt 0:11:34] Against e5} Qf5 18. Qd2 Rc8 19. O-O Rf7 20. Kh1 Rfc7 21. Ng1 Ne7 22. Rxc7 Rxc7 23. Rc1 {[%emt 0:02:26] Inhibits Rc2.} Rxc1 24. Qxc1 Nc6 25. Nf3 h6 26. Ne5 Qe4 27. a3 Kh7 ({Don't do} 27... Nxe5 28. fxe5 Kh7 29. Bg1 $16) 28. Nxc6 bxc6 29. Qd2 Qb1+ 30. Kh2 Qf1 31. Bf2 Qb1 32. Qe2 Qf5 33. Qd2 Qe4 34. Be3 h5 35. g4 (35. Kh1 $11) 35... hxg4 $17 36. hxg4 {[%emt 0:00:01] [#]} Qf3 (36... g5 $1 $17 37. fxg5 e5) 37. g5 $11 Bf8 ({Black should play} 37... Kg8 $15) 38. Qf2 {[%emt 0:00:16] The position is equal.} Qxf2+ 39. Bxf2 Bd6 40. Kg3 Kg7 {[%emt 0:00:07] Weighted Error Value: White=0.12 (very precise) /Black=0.12 (very precise)} 1/2-1/2

[Event "1st Rio Chess Open 2022"]
[Site "Rio de Janeiro"]
[Date "2022.04.23"]
[Round "4.5"]
[White "Aranha Filho, Alvaro Z."]
[Black "Nemeth Junior, Henrique"]
[Result "1-0"]
[ECO "E13"]
[WhiteElo "2226"]
[BlackElo "2096"]
[Annotator "TA"]
[PlyCount "85"]
[EventDate "2022.04.18"]
[EventType "swiss"]
[EventCountry "BRA"]
[SourceTitle "playchess.com"]
[Source "ChessBase"]
[SourceQuality "1"]
[TimeControl "5400+30"]

1. d4 Nf6 2. c4 e6 3. Nc3 Bb4 4. Qc2 O-O 5. Nf3 b6 6. Bg5 h6 7. Bh4 Bb7 8. e3 g5 {[%emt 0:05:08] E13: Queen's Indian/Nimzo-Indian hybrid: 4 Nc3 Bb7 5 Bg5 h6 6 Bh4 Bb4.} 9. Bg3 Ne4 10. Nd2 Bxc3 {[%emt 1:23:47] White is slightly better.} 11. bxc3 f5 12. f3 Nxg3 13. hxg3 Qf6 {[%emt 0:00:34] [#]} 14. Kf2 $146 (14. O-O-O $16) ({Predecessor:} 14. Bd3 c5 15. g4 cxd4 16. cxd4 Nc6 17. Rb1 Rac8 18. gxf5 exf5 19. d5 Ne5 20. Qb3 {½-½ (41) Sodoma,J (2376)-Grabliauskas,V (2426) Ohrid 2009}) 14... Nc6 15. f4 Rae8 16. Be2 Kg7 (16... Qg7 $11) 17. Rh5 Rh8 18. Rah1 d6 19. Nf3 g4 20. Nd2 Ne7 21. Bd3 c5 22. d5 exd5 (22... Ng8 {seems wilder.} 23. e4 Qe7 24. e5 dxe5 25. fxe5 exd5 26. Rxf5 Rf8) 23. Bxf5 Nxf5 24. Qxf5 {[%emt 0:00:37] Chess con chili.} Qxf5 25. Rxf5 dxc4 26. Nxc4 Be4 27. Rfh5 Bg6 28. R5h4 h5 (28... d5 $11 29. Rxg4 h5) 29. Rd1 $16 d5 (29... Rd8 $16) 30. Rxd5 $18 Rd8 (30... Kf6 $16 31. Ne5 Bf5) 31. Nd6 b5 (31... Kf8 $16) 32. f5 $2 (32. Rh1 $18) 32... Bf7 $11 33. Rd2 (33. f6+ $11 {and White is okay.} Kxf6 34. Rf5+ Ke6 35. Nxf7 Kxf5 36. Nxd8 Rxd8 37. Rxh5+ Ke4 38. Ke2) 33... Bxa2 $2 34. Rxa2 (34. e4 $142) 34... Rxd6 $16 {[%emt 0:00:04] [#]} 35. Rxa7+ $19 {[%emt 0:00:34][%mdl 4096] Endgame KRR-KRR} (35. e4 $1 $16) 35... Kf6 (35... Kh6 $1 $11) 36. e4 $16 {[%emt 0:02:40][%cal Be3e4,Be4e5][%mdl 32] Black must now prevent Rh1.} c4 {[%emt 0:00:41] [#]} (36... b4 $16 {was worth a try.}) 37. Ke3 $1 $18 {[%emt 0:00:31] Strongly threatening Kf4.} Kg5 (37... Rd3+ $2 38. Kf4 Re3 39. Kxe3 $18) (37... Ke5) 38. Rg7+ Kh6 39. Rgxg4 {[%emt 0:00:45] White mates.} Re8 40. Kf4 b4 41. e5 Rc6 42. Rg5 Kh7 43. f6 {[%emt 0:03:51] Weighted Error Value: White=0.37/Black=0.71} 1-0

[Event "1st Rio Chess Open 2022"]
[Site "Rio de Janeiro"]
[Date "2022.04.23"]
[Round "4.6"]
[White "Oliveira, Tiago Batista"]
[Black "Rangel, Daniel"]
[Result "0-1"]
[ECO "E94"]
[WhiteElo "2033"]
[BlackElo "2207"]
[Annotator "TA"]
[PlyCount "84"]
[EventDate "2022.04.18"]
[EventType "swiss"]
[EventCountry "BRA"]
[SourceTitle "playchess.com"]
[Source "ChessBase"]
[SourceQuality "1"]
[TimeControl "5400+30"]

1. Nf3 Nf6 2. d4 g6 3. c4 Bg7 4. Nc3 O-O 5. e4 d6 6. Be2 e5 7. Be3 Na6 8. dxe5 dxe5 9. Qxd8 Rxd8 10. O-O Ng4 {[%emt 0:00:30][%cal Bf6g4,Bg4h6,Bh6f7,Bf7d6][%mdl 32] E94: King's Indian: Classical: 6 Be2 e5 7 0-0: Various Black 7th moves.} (10... b6 $5 ) 11. Bg5 (11. Rfd1 {feels hotter.} Rxd1+ 12. Rxd1 Nxe3 13. Rd8+) 11... f6 12. Bd2 Be6 {[%emt 0:00:30] The position is equal.} 13. h3 Nh6 {[%emt 0:00:30] [#]} 14. Nd5 $146 ({Predecessor:} 14. Be3 Nf7 15. Rad1 Bh6 16. Bxh6 Nxh6 17. Rxd8+ Rxd8 18. Rd1 Rxd1+ 19. Nxd1 Nf7 20. Nc3 {0-1 (32) Prieto Aranguren,A (2289)-Grigoryan,K (2601) Getxo 2019}) 14... Nf7 15. Be3 Nd6 16. Nd2 c6 17. Nc3 Nb4 18. Rac1 {[%emt 0:00:30] Against Nc2} Nf7 19. Na4 (19. Nf3 $15) 19... Nxa2 $17 20. Ra1 {[%emt 0:00:30] [#] Hoping for Nc5.} Nb4 {[%emt 0:00:30] ...Nc2 is the strong threat.} 21. Nc5 Bc8 22. Rfc1 {[%emt 0:00:30] Inhibits Nc2.} b6 23. Ncb3 c5 {[%emt 0:00:30] aiming for ...Bb7.} 24. Nb1 Nc6 25. Nc3 Nd4 26. Bxd4 exd4 27. Nd5 Bb7 $36 {[%emt 0:00:30][%cal Bc8b7,Bb7e4,Be4c2][%mdl 2080] Strongly threatening ...f5. Black is in control.} 28. Nc7 {[%emt 0:00:30] [#]} (28. Re1 $17) 28... Rac8 ({Weaker is} 28... Bxe4 29. Nxa8 Rxa8 30. Nd2 $17) ({Better is} 28... Rab8 $1 $19 {Threatens to win with ...Bh6.} 29. Nd5 Re8) 29. Ne6 (29. Nd5 $17 {is a better defense.}) 29... Re8 $19 ({Stronger than} 29... Bxe4 30. Nxd8 Rxd8 31. Nd2 $15) 30. Nxg7 Kxg7 31. Rxa7 Bxe4 ({Don't do} 31... Rxe4 32. Bf3 Bc6 33. Bxe4 Bxe4 34. Nd2 $16) 32. Bf1 (32. f3 $142 Ra8 33. Rxf7+ Kxf7 34. fxe4) 32... Ra8 33. Rca1 (33. Rc7 {is the only way for White.}) 33... Rxa7 34. Rxa7 Bc2 35. Nd2 Re1 {[%emt 0:00:30] Black is clearly winning.} 36. Nf3 Rb1 37. Rb7 Bd3 38. Nh2 Bxf1 39. Nxf1 Rxb2 40. Ng3 f5 {[%emt 0:00:30] Prevents Ne4.} 41. Kf1 Kf6 42. Ke1 Ne5 {[%emt 0:00:30] Weighted Error Value: White=0.40/Black=0.09 (flawless)} 0-1

[Event "1st Rio Chess Open 2022"]
[Site "Rio de Janeiro"]
[Date "2022.04.24"]
[Round "5.1"]
[White "Rodriguez Vila, Andres"]
[Black "Ribeiro, Matheus Mendes Domin"]
[Result "1-0"]
[ECO "B40"]
[WhiteElo "2435"]
[BlackElo "2168"]
[Annotator "TA"]
[PlyCount "77"]
[EventDate "2022.04.18"]
[EventType "swiss"]
[EventCountry "BRA"]
[SourceTitle "playchess.com"]
[Source "ChessBase"]
[SourceQuality "1"]
[TimeControl "5400+30"]

1. e4 c5 2. Nc3 e6 3. Nf3 Nc6 4. g3 Nf6 5. Bg2 d5 6. exd5 exd5 7. O-O d4 {[%emt 0:04:42] B40: Sicilian: 2...e6, Unusual lines.} 8. Re1+ Be7 9. Ne2 O-O {[%emt 0:01:03] The position is equal.} 10. d3 Nd5 11. Nf4 Nxf4 12. Bxf4 {[%emt 0:00:03] [#]} Be6 $146 ({Predecessor:} 12... Nb4 13. Ne5 Nd5 14. Bd2 Be6 15. c4 dxc3 16. bxc3 Qc7 17. c4 Nb4 18. a3 Nc6 19. Nxc6 bxc6 {½-½ (49) Galego,L (2467)-Kogan,A (2517) Lisbon 2001}) 13. Ne5 Nxe5 14. Bxe5 Bd6 15. Qh5 Bxe5 16. Rxe5 g6 17. Qh6 Qd6 {[%emt 0:02:34] White leaves nothing to chance now.} 18. Rae1 {[%emt 0:01:57] Threatens to win with R5e4.} Rae8 19. Bxb7 {[%emt 0:02:18] &Bianco is more active.} Rb8 {[%emt 0:03:55] [#]} (19... Bd7 $16 20. Rxe8 Rxe8 21. Rxe8+ Bxe8) 20. Bd5 $1 $18 Rfe8 (20... Bxd5 $2 {[#]} 21. Rh5 $3 gxh5 22. Qxd6 $18) 21. b3 Bd7 22. Qf4 ({Don't do} 22. Bxf7+ $6 Kxf7 23. Qxh7+ Kf8 $16) 22... Rf8 {[%emt 0:04:27] [#]} (22... Rxe5 $142 23. Rxe5 (23. Bxf7+ Kg7 $17) 23... Rf8) 23. Rf5 $3 Qxf4 24. Rxf4 Kg7 25. Re7 $1 Bf5 26. Rxa7 {[%emt 0:01:16] aiming for g4.} Rbe8 (26... Rbd8 {was worth a try.}) 27. g4 Re5 28. Bc4 ({Less strong is} 28. gxf5 Rxd5 29. fxg6 Kxg6 $18) 28... Be6 29. Bxe6 Rxe6 {[%emt 0:00:02][%mdl 4096] Endgame KRR-KRR} 30. Rc7 Re5 31. Kg2 Kh6 (31... h5 $142 32. a4 hxg4) 32. h4 {[%emt 0:00:30] White is clearly winning.} g5 33. hxg5+ Kxg5 34. Kg3 h5 35. gxh5 Kxh5 36. Rcxf7 Rg8+ 37. Kf3 Rgg5 38. R4f6 Rg1 39. Rg7 $4 {[%emt 1:08:39][%mdl 40960] Weighted Error Value: White=0.10 (very precise) /Black=0.35. Loss on time!?} 1-0

[Event "1st Rio Chess Open 2022"]
[Site "Rio de Janeiro"]
[Date "2022.04.24"]
[Round "5.2"]
[White "Rangel, Daniel"]
[Black "Hoffman, Alejandro"]
[Result "0-1"]
[ECO "A70"]
[WhiteElo "2207"]
[BlackElo "2389"]
[Annotator "TA"]
[PlyCount "78"]
[EventDate "2022.04.18"]
[EventType "swiss"]
[EventCountry "BRA"]
[SourceTitle "playchess.com"]
[Source "ChessBase"]
[SourceQuality "1"]
[TimeControl "5400+30"]

1. d4 c5 2. d5 g6 3. c4 d6 4. e4 Bg7 5. Nc3 Nf6 6. Nf3 O-O 7. Bd3 e6 8. O-O exd5 9. cxd5 Bg4 10. h3 Bxf3 11. Qxf3 Nbd7 12. Qd1 a6 13. a4 Rc8 {[%emt 0:00:00] A70: Modern Benoni: 6 e4 g6 7 Nf3.} 14. Re1 Re8 15. Bg5 c4 {[%emt 0:00:00] The position is equal.} 16. Bc2 Qc7 {[%emt 0:00:00] [#]} 17. Be3 $146 ({Predecessor:} 17. a5 Nc5 18. Re3 Nfd7 19. Bf4 Ne5 20. Bxe5 Bxe5 21. f4 Bxf4 22. Rf3 Be5 23. Qf1 {0-1 (61) Gazo,D (1810)-Tomcik,M (2024) Zilina 2014}) 17... Qd8 18. Bd4 Nh5 19. Bxg7 Kxg7 20. g3 Qb6 21. Rb1 (21. a5 {is superior.} Qxb2 22. Qd2) 21... Qc5 $11 ({But not} 21... Nxg3 22. a5 (22. Qg4 Nxe4 23. Bxe4 Nf6 $16) 22... Qxa5 23. fxg3 $16) 22. Kg2 b5 23. axb5 axb5 24. Ne2 b4 {[%emt 0:00:00] White must now prevent ...b3.} 25. Ba4 Nhf6 26. Nd4 (26. f3 $11) 26... Rc7 (26... Rcd8 $1 $17 27. f3 Nxd5 $1 28. Bxd7 Rxd7) 27. f3 $15 Ra8 28. Bxd7 Nxd7 29. Nc6 {[%emt 0:00:50] Inhibits Rca7.} Ra2 30. Re2 Ne5 31. Nxe5 dxe5 32. Rc1 $2 {[%emt 0:02:31] [#]} ({White should try} 32. g4 $15) 32... Rca7 $2 (32... c3 $1 $19 33. bxc3 Rca7) 33. Qb3 $2 c3 $19 {[%emt 0:00:00] Threatens to win with ...Ra1.} ({Not} 33... cxb3 34. Rxc5 Rxb2 35. Rxb2 $11) 34. Rcc2 (34. Rce1 $142 Qd4 35. bxc3 Rxe2+ 36. Rxe2 bxc3 37. Qb1) 34... Ra1 35. Rf2 Rb1 {[%emt 0:00:00] ( -> ...Raa1)} 36. Rce2 Raa1 {[%emt 0:00:00] Black mates.} 37. f4 Rg1+ 38. Kf3 cxb2 39. Qxb2 Ra3+ {[%emt 0:00:00] Weighted Error Value: White=0.88/Black=0.12 (very precise)} 0-1

[Event "1st Rio Chess Open 2022"]
[Site "Rio de Janeiro"]
[Date "2022.04.23"]
[Round "5.3"]
[White "Abrantes, Tiago Garrido"]
[Black "Aranha Filho, Alvaro Z."]
[Result "1/2-1/2"]
[ECO "E11"]
[WhiteElo "2178"]
[BlackElo "2226"]
[Annotator "TA"]
[PlyCount "37"]
[EventDate "2022.04.18"]
[EventType "swiss"]
[EventCountry "BRA"]
[SourceTitle "playchess.com"]
[Source "ChessBase"]
[SourceQuality "1"]
[TimeControl "5400+30"]

1. d4 Nf6 2. c4 e6 3. g3 Bb4+ 4. Bd2 a5 5. Bg2 O-O 6. Nf3 d6 7. O-O Bxd2 8. Qxd2 Nbd7 9. Nc3 e5 10. h3 {[%emt 0:03:06] E11: Bogo-Indian.} Re8 11. e4 exd4 12. Nxd4 Nc5 {[%emt 0:01:03] [#] Black did not feel at home in the position after the opening.  Weighted Error Value: White=0.07 (flawless) /Black=0.03 (flawless)} {Predecessor:} 13. Rfe1 $146 Ne6 14. Rad1 Nxd4 15. Qxd4 Be6 16. b3 h5 17. f4 h4 18. f5 Bd7 19. g4 {0-1 (54) Hall,D (1722)-Grice,A (1570) Harrogate 2020} 1/2-1/2

[Event "1st Rio Chess Open 2022"]
[Site "Rio de Janeiro"]
[Date "2022.04.24"]
[Round "5.4"]
[White "Alboredo, Julia"]
[Black "Librelato, Kathie Goulart"]
[Result "1/2-1/2"]
[ECO "E11"]
[WhiteElo "2252"]
[BlackElo "2156"]
[Annotator "TA"]
[PlyCount "63"]
[EventDate "2022.04.18"]
[EventType "swiss"]
[EventCountry "BRA"]
[SourceTitle "playchess.com"]
[Source "ChessBase"]
[SourceQuality "1"]
[TimeControl "5400+30"]

1. d4 Nf6 2. c4 e6 3. Nf3 Bb4+ 4. Bd2 Qe7 5. g3 Nc6 6. Nc3 O-O 7. Bg2 Bxc3 8. Bxc3 Ne4 9. Rc1 d6 10. d5 Nxc3 11. Rxc3 Nb8 12. dxe6 fxe6 13. O-O Nc6 {[%emt 0:00:30] E11: Bogo-Indian.} 14. Nd4 {[%emt 0:00:30] [#]} Ne5 $146 ({Predecessor:} 14... Bd7 15. Nc2 Rad8 16. Qd2 b6 17. b4 a5 18. a3 Kh8 19. e4 e5 20. b5 Nb8 {½-½ (38) Nihal,S (2610)-Ivanchuk,V (2684) Leon 2019}) 15. Qc2 c5 {[%emt 0:00:30] White is slightly better.} 16. Nf3 {[%emt 0:00:30][%cal Bd4f3,Bf3d2,Bd2e4][%mdl 32] Black must now prevent Nxe5.} Nc6 17. e3 Bd7 18. a3 Be8 19. Nd2 Bg6 20. Be4 Bxe4 21. Nxe4 b6 22. Rd1 Rad8 23. Rcd3 {[%emt 0:00:30] Prevents d5.} Ne5 24. Rxd6 Rxd6 25. Rxd6 Nf3+ 26. Kf1 $1 Nxh2+ 27. Ke2 Qf7 28. Kd1 (28. f4 $11 {remains equal.}) 28... Ng4 $17 29. Kc1 Qf5 {[%emt 0:00:30] Prevents Ng5.} (29... Nxf2 $17 {Hoping for ...Ng4.} 30. Qxf2 Qxf2 31. Nxf2 Rxf2 32. Rxe6 Rg2) 30. Rd2 $11 {[%emt 0:00:30] The position is equal.} h6 31. Kb1 Ne5 32. Kc1 {[%emt 0:00:30] Weighted Error Value: White=0.14 (very precise) /Black=0.09 (flawless)} 1/2-1/2

[Event "1st Rio Chess Open 2022"]
[Site "Rio de Janeiro"]
[Date "2022.04.24"]
[Round "5.5"]
[White "Marcolino, Daniel Mattos"]
[Black "Soares, Joao Carlos T. C."]
[Result "0-1"]
[ECO "E05"]
[WhiteElo "2035"]
[BlackElo "2064"]
[Annotator "TA"]
[PlyCount "56"]
[EventDate "2022.04.18"]
[EventType "swiss"]
[EventCountry "BRA"]
[SourceTitle "playchess.com"]
[Source "ChessBase"]
[SourceQuality "1"]
[TimeControl "5400+30"]

1. d4 Nf6 2. Nf3 e6 3. g3 d5 4. Bg2 Be7 5. O-O O-O 6. c4 dxc4 7. Qc2 b5 8. a4 {[%emt 0:06:36] E05: Open Catalan: 5 Nf3 Be7.} b4 9. Nfd2 Nd5 $1 {[%emt 0:01:37][%mdl 4] is more profitable than 9...c6 at the moment.} 10. Nxc4 {[%emt 0:02:40] White is slightly better.} Ba6 {[%emt 0:04:34] [#]} 11. e4 $146 (11. Rd1 $14 {stays ahead.}) ({Predecessor:} 11. Rd1 c5 12. e4 Nf6 13. dxc5 Nbd7 14. c6 Rc8 15. e5 Nd5 16. Ne3 Nxe5 17. Nxd5 exd5 18. Bxd5 {0-1 (61) Iniyan,P (2516)-Ganguly,S (2609) chess24.com INT 2022}) 11... Nb6 $17 12. Nxb6 axb6 (12... cxb6 $17 13. Rd1 Nc6 $1) 13. Rd1 $1 $11 Nd7 14. Bf4 c5 {[%emt 0:13:39] aiming for ...cxd4.} 15. dxc5 bxc5 (15... Bxc5 {was preferrable.} 16. Qb3 Be2) 16. e5 (16. h4 $11) 16... Ra7 17. h4 Qc8 18. Be4 (18. Nd2 $11) 18... h6 {[%emt 0:01:08] And now ...g5 would win.} 19. h5 {[%emt 0:02:59] [#]} (19. Bh7+ $17 Kh8 20. Bd3) 19... c4 $1 $19 20. Nd2 Nc5 21. Bg2 (21. Be3 {was necessary.}) 21... Nd3 22. Be3 Rd7 23. Nf3 $2 (23. Ne4 {is more resistant.}) 23... Bc5 24. Bxc5 Qxc5 25. b3 (25. Ne1 {might work better.} Qxe5 26. Nxd3 Rxd3 27. Rab1) 25... cxb3 $2 (25... c3 26. a5 Rfd8) 26. Qxc5 Nxc5 27. Rd4 $2 (27. Rxd7 Nxd7 28. Rb1) 27... Rd6 $4 28. Rxd6 Nd7 {[%emt 0:00:33][%mdl 32768] Never resign too early!  Weighted Error Value: White=0.84/Black=0.53. Loss on time!?} 0-1